AoeStats
← Yousnake

Arabia

510191612Analyzed
3v3 RM · 1d ago on Sep 29, 2026· 47m 59s· 6 players
Game mode
Random Map
Map size
Normal (6 player)
Population
200
Speed
Normal
Resources
Standard
Victory
Conquest
Starting age
Dark Age
Ending age
Imperial Age
RankedLock teamsTeams togetherTeam positionsShared explorationLock speedFull tech treeHidden civsTurbo modeCheats
Victory
Defeat
🇧🇷 Khmer · Brazil
849
+12
🇫🇷 Sicilians · France
788
+14
🇹🇷 Vietnamese · Türkiye
773
+15
🇫🇷 Romans · France
760
-14
🇲🇦 Hindustanis · Morocco
750
-14
🇲🇦 Franks · Morocco
732
-13
Allspark
4:38 Loom
11:54 Feudal Age
16:59 Castle Age
16:44 Double-Bit Axe
16:43 Horse Collar
22:43 Heavy Plow
25:40 Fletching
27:24 Stone Mining
27:27 Gold Mining
33:55 Imperial Age
32:04 Wheelbarrow
31:15 Town Watch
31:24 Stone Mining
35:26 Padded Archer Armor
37:15 Bow Saw
39:37 Ballistics
40:18 Chemistry
41:05 Paper Money
42:21 Hand Cart
42:07 Town Patrol
42:46 Bodkin Arrow
43:06 Leather Archer Armor
42:50 Murder Holes
44:41 Bloodlines
44:32 Husbandry
45:26 Elite Battle Elephant
wesborland
10:13 Feudal Age
11:02 Double-Bit Axe
10:59 Horse Collar
14:51 Scale Mail Armor
19:06 Forging
22:13 Castle Age
23:24 Chain Mail Armor
23:45 Iron Casting
23:14 Husbandry
27:05 Heavy Plow
27:01 Arson
29:39 Pikeman
37:43 Bow Saw
39:22 Wheelbarrow
43:12 Scale Barding Armor
49:58 Imperial Age
Dgo
0:34 Loom
10:41 Feudal Age
12:36 Wheelbarrow
16:02 Double-Bit Axe
18:07 Horse Collar
23:17 Castle Age
23:59 Light Cavalry
27:30 Scale Barding Armor
27:26 Scale Mail Armor
27:37 Forging
28:41 Hand Cart
37:33 Imperial Age
38:38 Double Crossbow
38:13 Pikeman
42:08 Chain Barding Armor
42:04 Chain Mail Armor
42:25 Iron Casting
42:58 Chemistry
42:50 Conscription
42:26 Hussar
43:17 Bloodlines
43:07 Husbandry
45:04 Halberdier
GLORY MUSTAF
6:13 Loom
10:49 Feudal Age
11:55 Double-Bit Axe
18:04 Castle Age
21:31 Bow Saw
26:13 Squires
25:33 Pikeman
27:01 Scale Mail Armor
28:10 Husbandry
27:31 Light Cavalry
28:25 Scale Barding Armor
29:37 Chain Barding Armor
45:17 Imperial Age
42:56 Man-at-Arms
43:22 Gambesons
43:23 Arson
45:28 Chain Mail Armor
45:24 Forging
45:22 Cavalier
48:29 Plate Barding Armor
Yousnake
12:33 Feudal Age
10:50 Loom
17:30 Castle Age
17:57 Double-Bit Axe
17:55 Horse Collar
18:11 Gold Mining
18:59 Wheelbarrow
18:29 Man-at-Arms
19:28 Forging
23:42 Hand Cart
23:33 Long Swordsman
24:13 Squires
25:41 Crossbowman
33:56 Padded Archer Armor
TITAN
10:57 Feudal Age
9:12 Loom
11:51 Double-Bit Axe
12:10 Man-at-Arms
13:39 Horse Collar
18:18 Castle Age
17:02 Forging
17:50 Scale Barding Armor
20:27 Fletching
20:38 Padded Archer Armor
23:02 Bow Saw
24:31 Heavy Plow
24:56 Bodkin Arrow
25:17 Leather Archer Armor
25:11 Thumb Ring
31:05 Chain Barding Armor
31:22 Iron Casting
32:51 Wheelbarrow
43:31 Imperial Age
42:07 Elite Skirmisher
Connection lost

Rejoining the realm…

Still unreachable

The connection could not be restored.

Session expired

The server has moved on; the page needs a fresh start.